 Dungeon Crawl Stone Soup version 0.20.1-1-g8b1a95d (webtiles) character file.

116 polve the Changer (level 4, -20/35 HPs)
             Began as a Draconian Transmuter on Aug 8, 2017.
             Demolished by equalderp2856's ghost (22 damage)
             ... on level 3 of the Dungeon.
             The game lasted 00:02:01 (2810 turns).

polve the Changer (Draconian Transmuter)            Turns: 2810, Time: 00:02:01

Health: -20/35     AC:  5    Str: 12    XL:     4   Next: 69%
Magic:  7/7        EV: 12    Int: 14    God:
Gold:   82         SH:  0    Dex: 12    Spells: 1/7 levels left

rFire    . . .     SeeInvis .   d - +2 dagger (venom)
rCold    + . .     Gourm    .   (no shield)
rNeg     . . .     Faith    .   (armour unavailable)
rPois    .         Spirit   .   (helmet restricted)
rElec    .         Reflect  .   (no cloak)
rCorr    .         Harm     .   (no gloves)
MR       .....                  (no boots)
Stlth    +.........             (no amulet)
Regen    0.2/turn               i - ring of protection from cold
MPRegen  0.1/turn               (no ring)

@: no status effects
A: unfitting armour, cold-blooded, AC +5
a: no special abilities


You were on level 3 of the Dungeon.
You were not hungry.

You visited 1 branch of the dungeon, and saw 3 of its levels.

You collected 82 gold pieces.

Inventory:

Hand Weapons
 d - a +2 dagger of venom (weapon)
Missiles
 a - 12 arrows (quivered)
Jewellery
 i - a ring of protection from cold (left hand)
Wands
 t - a wand of iceblast (6/15)
Scrolls
 e - 2 scrolls of identify {unknown}
 g - 2 scrolls of enchant armour {unknown}
 h - a scroll of random uselessness {unknown}
 n - a scroll of immolation {unknown}
 q - a scroll of teleportation {unknown}
 v - a scroll of noise {unknown}
 w - a scroll of amnesia {unknown}
 x - a scroll of enchant weapon {unknown}
Potions
 k - a potion of heal wounds {unknown}
 l - a potion of brilliance {unknown}
 m - 2 potions of degeneration {unknown}
 p - a potion of lignification {unknown}
 r - a potion of berserk rage {unknown}
 u - a potion of ambrosia {unknown}
Books
 b - a book of Changes

   Spells                             Type                      Level
   a - Beastly Appendage              Transmutation                1
   b - Sticks to Snakes               Transmutation                2
   c - Spider Form                    Transmutation/Poison         3
   d - Ice Form                       Ice/Transmutation            4
   e - Blade Hands                    Transmutation                5
Comestibles
 c - 3 bread rations
 f - 2 meat rations
 o - 2 fruits
 s - 4 royal jellies


   Skills:
 - Level 1.1 Fighting
 - Level 1.7 Dodging
 - Level 3.0 Unarmed Combat
 - Level 2.0 Spellcasting
 + Level 5.0 Transmutations


You had one spell level left.
You knew the following spells:

 Your Spells              Type           Power        Failure   Level  Hunger
a - Beastly Appendage     Tmut           ###...       3%          1    ##.....
b - Sticks to Snakes      Tmut           ###.....     4%          2    ###....
c - Spider Form           Tmut/Pois      #.........   26%         3    ####...


Dungeon Overview and Level Annotations

Branches:
Dungeon (3/15)

Altars:
Yredelemnul
The Shining One

Annotations:
D:3 equalderp2856's ghost, novice MiFi


Innate Abilities, Weirdness & Mutations

Your plain brown scales are hard. (AC +5)
You cannot fit into any form of body armour.
You are cold-blooded and may be slowed by cold attacks.


Message History

The orc hits you but does no damage.
An orc comes into view.
You closely miss the orc.
The orc shouts!
Equalderp2856's ghost hits you! The orc closely misses you.
You closely miss the orc. Equalderp2856's ghost hits you!
* * * LOW HITPOINT WARNING * * *
The orc misses you.
You hit the orc.
The orc is poisoned.
You tail-slap the orc, but do no damage.
The orc is moderately wounded.
Equalderp2856's ghost hits you!
* * * LOW HITPOINT WARNING * * *
The orc closely misses you.
You hit the orc.
The orc looks as sick as possible!
You tail-slap the orc.
The orc is almost dead.
You kill the orc!
Equalderp2856's ghost hits you!!
Ouch! That really hurt!
You die...

.....# ##)###### .###.# #.# #.#
.# #.# #.# #.# .# #.# ##'## #.#
.# #.# ##...## #.# #### ##
#.###.....## ####.# #.>
.###.##.......## ##.##.# #.##
.....#.........####...#.######.##
.....+......o.o)@W...............
..####........o####...#.######.##
.## ##.......## ##.##.# #.## ##
##.....## ####.# #.## .# ##...##
###.### #... .# ##'## #.....#
#### .#########.# #...#.# #
.#.........# #.###.# #
.#.######..## #.# #.# #


You could see equalderp2856's ghost and 3 orcs.

Vanquished Creatures
  4 adders
  4 worms
  3 dart slugs
  3 leopard geckos
  2 orcs (D:3)
  A ball python (D:2)
  10 bats
  3 giant cockroaches
  6 goblins
  6 hobgoblins
  5 kobolds
  A quokka (D:2)
  5 frilled lizards
  6 rats
59 creatures vanquished.

Notes
Turn   | Place    | Note
-------+----------+-------------------------------------------
     0 | D:1      | polve the Draconian Transmuter began the quest for the Orb.
     0 | D:1      | Reached XP level 1. HP: 16/16 MP: 3/3
   288 | D:1      | Reached XP level 2. HP: 23/23 MP: 5/5
   328 | D:1      | Learned a level 2 spell: Sticks to Snakes
   492 | D:1      | Found a glowing golden altar of the Shining One.
   537 | D:1      | Reached skill level 3 in Transmutations
  1046 | D:2      | Reached XP level 3. HP: 17/28 MP: 6/6
  1453 | D:2      | Reached skill level 4 in Transmutations
  1504 | D:2      | Learned a level 3 spell: Spider Form
  1712 | D:2      | Reached XP level 4. HP: 35/35 MP: 7/7
  2240 | D:3      | Found a basalt altar of Yredelemnul.
  2781 | D:3      | Noticed equalderp2856's ghost (novice MiFi)
  2784 | D:3      | Reached skill level 5 in Transmutations
  2809 | D:3      | HP: 1/35 [equalderp2856's ghost (16)]
  2810 | D:3      | Demolished by equalderp2856's ghost

Skill      XL: |  1  2  3  4 |
---------------+-------------+-----
Transmutations | 3 4 5 |  5.0
Fighting       | |  1.1
Dodging        | |  1.7
Unarmed Combat | |  3.0
Spellcasting   | |  2.0

Action                   |  1- 3 |  4- 6 || total
-------------------------+-------+-------++-------
Melee: Unarmed           |    19 |       ||    19
       Dagger            |    99 |    59 ||   158
       Kick              |     2 |       ||     2
       Tailslap          |    13 |     9 ||    22
       Punch             |     1 |       ||     1
 Cast: Beastly Appendage |     1 |       ||     1
 Stab: Sleeping          |     1 |     1 ||     2
  Eat: Chunk             |     3 |     3 ||     6
Armor: Skin              |    35 |    16 ||    51
Dodge: Dodged            |    75 |    28 ||   103
